 Dungeon Crawl Stone Soup version 0.28.0 (webtiles) character file.

Game seed: 1248459426245496520

1255 iguanaiguana the Caller (level 8, -1/54 HPs)
             Began as an Octopode Summoner on Feb 4, 2022.
             Was an Initiate of Gozag.
             Slain by Duvessa (14 damage)
             ... on level 6 of the Dungeon.
             The game lasted 00:33:58 (8180 turns).

iguanaiguana the Caller (Octopode Summoner)         Turns: 8180, Time: 00:33:59

Health: -1/54      AC:  1    Str: 14    XL:     8   Next: 51%
Magic:  1/11       EV: 14    Int: 19    God:    Gozag
Gold:   242        SH:  0    Dex: 12    Spells: 6/13 levels left

rFire   . . .      SeeInvis .   a - +3 halberd (chaos)
rCold   . . .      Faith    .   (shield currently unavailable)
rNeg    . . .      Spirit   .   (helmet restricted)
rPois   .          Reflect  .   (no amulet)
rElec   .          Harm     .   k - +6 ring of strength
rCorr   .          Rampage  .   (no ring)
Will    .....                   (no ring)
Stlth   +++.......              (no ring)
HPRegen 0.18/turn               (no ring)
MPRegen 0.12/turn               (no ring)
                                (no ring)
                                (no ring)

@: lethally poisoned (-1 -> -36), silenced, on berserk cooldown, slowed, very
slow
A: almost no armour, amphibious, 8 rings, camouflage 1, gelatinous body 1,
(nimble swimmer 1), tentacles, low MP 1
a: Renounce Religion


You were on level 6 of the Dungeon.
You worshipped Gozag.
Gozag was aware of your devotion.
You visited 2 branches of the dungeon, and saw 7 of its levels.

You collected 379 gold pieces.
You spent 48 gold pieces at shops.
You paid 89 gold pieces to Gozag.

Inventory:

Hand Weapons
 a - a +3 halberd of chaos (weapon)
 f - a +0 morningstar
 r - a +2 dagger of protection
Missiles
 d - 144 stones (quivered)
 t - 4 poisoned darts
Jewellery
 k - a +6 ring of strength (left tentacle)
Wands
 b - a wand of digging (1) {@v3}
Scrolls
 e - a scroll of amnesia
 j - a scroll of identify {@r1}
 p - a scroll of enchant armour
Potions
 h - 5 potions of curing {@q1}
 i - 3 potions of resistance {@q5}
 o - 5 potions of degeneration


   Skills:
 + Level 4.5 Fighting
 + Level 4.4 Dodging
 + Level 5.1 Stealth
 + Level 3.4 Spellcasting
 + Level 1.2 Conjurations
 * Level 7.0 Summonings
 * Level 1.4 Air Magic
 + Level 1.4 Poison Magic


You had 6 spell levels left.
You knew the following spells:

 Your Spells              Type           Power      Damage    Failure   Level
a - Poisonous Vapours     Pois/Air       16%        N/A       12%         2
b - Call Imp              Summ           30%        N/A       1%          2
c - Call Canine Familiar  Summ           30%        N/A       2%          3

Your spell library contained the following spells:

 Spells                   Type           Power      Damage    Failure   Level
 Summon Small Mammal      Summ           100%       N/A       1%          1
 Sting                    Tmut/Pois      20%        1d4       11%         1
 Summon Guardian Golem    Hex/Summ       16%        N/A       11%         3
 Animate Skeleton         Necr           6%         N/A       14%         1
 Pain                     Necr           12%        1d4       14%         1
 Summon Lightning Spire   Summ/Air       19%        N/A       26%         4
 Vampiric Draining        Necr           3%         2d6       41%         3
 Olgreb's Toxic Radiance  Pois           8%         N/A       63%         4


Dungeon Overview and Level Annotations

Branches:
Dungeon (6/15)             Temple (1/1) D:5

Altars:
Ashenzari
Cheibriados
Dithmenos
Elyvilon
Fedhas
Gozag
Hepliaklqana
Kikubaaqudgha
Makhleb
Nemelex Xobeh
Okawaru
Qazlal
Ru
Sif Muna
Trog
Uskayaw
Vehumet
Wu Jian
Xom
Yredelemnul
Zin
The Shining One

Shops:
D:3 !

Annotations:
D:2 1 exclusion
D:4 exclusions: 3 lemures and 1 more exclusion, Pikel
D:6 Duvessa


Innate Abilities, Weirdness & Mutations

You cannot wear most types of armour.
You are amphibious.
You can wear up to eight rings at the same time.
Your skin changes colour to match your surroundings (Stealth+).
Your rubbery body absorbs attacks. (AC +1, EV +1)
((You are camouflaged when in or above water. (Stealth+)))
You have tentacles for arms and can constrict up to eight enemies at once.
Your magical capacity is low. (-10% MP)


Message History

Duvessa hits your hound with a +1 rapier of venom!
Your hound is poisoned.
Duvessa hits your hound with a +1 rapier of venom!
Your hound dies!
Your hound's corpse disappears in a puff of smoke!
A puff of flame appears from out of thin air!
The puff of flame misses you.
Duvessa rages.
As you read the scroll labelled MAL HOENNYKEA, it crumbles to dust.
A profound silence engulfs you.
It was a scroll of silence.
Magic scrolls do not work when you're silenced!
It was a potion of mutation.
You feel extremely strange.
You feel stupid.
You feel less energetic.
You feel clever.
Duvessa hits you with a +1 rapier of venom! x2
You are poisoned.
It was a potion of heal wounds.
You feel much better.
You feel very sick. Duvessa closely misses you.
It was a potion of berserk rage.
A red film seems to cover your vision as you go berserk!
You feel yourself moving faster!
You feel mighty!
You feel very sick.
Duvessa hits you with a +1 rapier of venom!
You are more poisoned.
Something hits you. x2; Duvessa barely misses you.
You feel a strong urge to attack something.
You feel very sick. Something barely misses you.
You feel very sick.
You feel your anger nearly subside.
You are no longer berserk.
You are exhausted.
You feel yourself slow down.
You feel sick.
You feel very sick.
You feel very sick.
Duvessa hits you with a +1 rapier of venom!
* * * LOW HITPOINT WARNING * * *
You are lethally poisoned!
Duvessa hits you with a +1 rapier of venom!
You die...
Your body crumbles into a pile of gold.

#.#... ....
###.#.######..#..
#................
##.#.##....### ####
#.......#....###....
###......OZ........####.
..O........o.##{##......)
.Z....#########.e....##
####### #.@....# #......#
##.<...# #.)...# #.....#
#.....# #.....# #.....#
#######


You could see Duvessa (berserk, inner flame).

Vanquished Creatures
  A necrophage (D:4)
  A water moccasin zombie (D:4)
  Dowan (D:6)
  A centaur zombie (D:4)
  A scorpion zombie (D:4)
  Natasha (twice) (D:4)
  A hound zombie (D:4)
  An ufetubus (D:4)
  An adder zombie (D:4)
  2 orcs
  2 bats
  An endoplasm (D:3)
  A giant cockroach (D:4)
  A goblin (D:3)
  A hobgoblin (D:4)
  3 ball pythons (D:4)
  2 rats (D:2)
23 creatures vanquished.

Vanquished Creatures (collateral kills)
  Menkaure (D:4)
  An ice beast (D:5)
  A black bear (D:5)
  An ogre (D:5)
  2 necrophages
  A lemure (D:3)
  A centaur skeleton (D:4)
  A jelly (D:6)
  An iguana (D:5)
  Natasha (D:3)
  An orc wizard (D:4)
  A scorpion zombie (D:4)
  A hound skeleton (D:2)
  4 adders
  8 gnolls
  A howler monkey skeleton (D:5)
  3 worms
  2 dart slugs
  An orc (D:4)
  3 ball pythons
  2 endoplasms
  5 goblins
  5 hobgoblins
  10 kobolds
  4 quokkas (D:1)
  6 bats
  A frilled lizard (D:1)
  3 rats
72 creatures vanquished.

Grand Total: 95 creatures vanquished

Notes
Turn   | Place    | Note
-------+----------+-------------------------------------------
     0 | D:1      | iguanaiguana the Octopode Summoner began the quest for the
                  | Orb.
     0 | D:1      | Reached XP level 1. HP: 11/11 MP: 3/3
   485 | D:1      | Reached XP level 2. HP: 18/18 MP: 1/5
   488 | D:1      | Learned a level 2 spell: Call Imp
   600 | D:1      | Reached skill level 1 in Fighting
   826 | D:1      | Found a faded altar of an unknown god.
  1135 | D:1      | Reached XP level 3. HP: 23/23 MP: 3/6
  1163 | D:1      | Learned a level 3 spell: Call Canine Familiar
  1706 | D:2      | Reached XP level 4. HP: 29/29 MP: 5/7
  2899 | D:3      | Found Tyac's Distillery.
  2905 | D:3      | Bought a potion of degeneration for 12 gold pieces
  2905 | D:3      | Bought a potion of curing for 36 gold pieces
  3246 | D:3      | Reached XP level 5. HP: 35/35 MP: 8/8
  3264 | D:3      | Reached skill level 5 in Summonings
  3741 | D:4      | Noticed a necrophage
  3763 | D:4      | Noticed a lemure
  3763 | D:4      | Noticed a lemure
  3865 | D:4      | Killed a necrophage
  3899 | D:4      | Reached XP level 6. HP: 42/42 MP: 6/9
  4410 | D:4      | Found a basalt altar of Yredelemnul.
  4484 | D:4      | Noticed Menkaure
  4507 | D:4      | Killed Menkaure
  4508 | D:4      | Reached skill level 6 in Summonings
  4508 | D:4      | Reached XP level 7. HP: 25/47 MP: 6/11
  4961 | D:4      | Noticed Natasha
  4963 | D:4      | Killed Natasha
  5062 | D:4      | Noticed Pikel
  5118 | D:4      | Noticed Natasha
  5127 | D:4      | Killed Natasha
  5407 | D:4      | Noticed Natasha
  5412 | D:3      | Killed Natasha
  5896 | D:3      | Found Tyac's Distillery.
  6268 | D:5      | Entered Level 5 of the Dungeon
  6567 | D:5      | Found a staircase to the Ecumenical Temple.
  6575 | Temple   | Entered the Ecumenical Temple
  7238 | Temple   | Became a worshipper of Gozag Ym Sagoz the Greedy
  7286 | D:5      | Reached XP level 8. HP: 54/54 MP: 12/12
  7648 | D:5      | Reached skill level 1 in Poison Magic
  7662 | D:5      | Learned a level 2 spell: Poisonous Vapours
  7781 | D:5      | Reached skill level 5 in Stealth
  7781 | D:5      | Reached skill level 1 in Conjurations
  7781 | D:5      | Reached skill level 1 in Air Magic
  8030 | D:6      | Reached skill level 7 in Summonings
  8081 | D:6      | Noticed Dowan
  8099 | D:6      | Killed Dowan
  8158 | D:6      | Noticed Duvessa
  8173 | D:6      | Gained mutation: You are dopey. (Int -2) [potion of
                  | mutation]
  8173 | D:6      | Gained mutation: Your magical capacity is low. (-10% MP)
                  | [potion of mutation]
  8173 | D:6      | Lost mutation: You are dopey. (Int -2) [potion of mutation]
  8180 | D:6      | Slain by Duvessa

Illustrated notes

Levels and vault maps discovered:
D:1:      ncdulo_smallfort, layout_basic,
          shapermc_ecumenical_altar_totnotflames,
          chequers_serial_rivers_micro_a, amcnicky_mini_corridor_feature
D:2:      layout_loops_ring
D:3:      layout_basic, serial_shops, shop, chequers_serial_rivers_micro_b
D:4:      layout_cave_pools, nicolae_yredelemnul_corpse_copse,
          minmay_misc_feat_alley, chequers_mini_garden,
          minmay_misc_feat_enclosed, minmay_quantized, uniq_menkaure,
          uniq_natasha, uniq_pikel
D:5:      layout_rooms, minmay_temple_entry_slanted
D:6:      layout_rooms, uniq_edmund, uniq_duvessa, uniq_blork_the_orc
Temple:   nicolae_temple_the_god_donut

Skill      XL: |  1  2  3  4  5  6  7  8 |
---------------+-------------------------+-----
Fighting       | 1 2 3 4 |  4.5
Summonings     | 5 6 7 |  7.0
Dodging        | 3 4 |  4.4
Stealth        | 3 4 5 |  5.1
Spellcasting   | 3 |  3.4
Poison Magic   | 1 |  1.4
Conjurations   | 1 |  1.2
Air Magic      | 1 |  1.4

Action                   |  1- 3 |  4- 6 |  7- 9 || total
-------------------------+-------+-------+-------++-------
Melee: Halberd           |       |    37 |    20 ||    57
       Constrict         |       |     4 |     3 ||     7
       Spear             |       |     2 |       ||     2
       Tentacles         |       |     2 |     2 ||     4
 Cast: Summon Small Mamm |     9 |       |       ||     9
       Call Imp          |    16 |    19 |     8 ||    43
       Call Canine Famil |       |    13 |    21 ||    34
       Poisonous Vapours |       |       |     3 ||     3
  Use: Scroll            |       |     4 |     8 ||    12
       Potion            |       |       |     3 ||     3
 Stab: Sleeping          |       |       |     3 ||     3
Armor: Skin              |       |     2 |       ||     2
Dodge: Dodged            |     1 |    19 |    20 ||    40
